 Dungeon Crawl Stone Soup version 0.23.2-40-g277498a001 (webtiles) character file.

Game seed: 17383987387463490344

1276 DiaVolo the Chopper (level 8, -10/60 HPs)
             Began as a Demonspawn Gladiator on Aug 15, 2019.
             Was an Initiate of Makhleb.
             Killed by divine providence
             ... invoked by an orc priest
              (14 damage)
             ... on level 6 of the Dungeon.
             The game lasted 00:21:43 (5140 turns).

DiaVolo the Chopper (Demonspawn Gladiator)          Turns: 5140, Time: 00:21:44

Health: -10/60     AC: 13    Str: 18    XL:     8   Next: 29%
Magic:  8/8        EV:  0    Int:  9    God:    Makhleb [......]
Gold:   328        SH: 12    Dex: 17    Spells: 7/7 levels left

rFire    + . .     SeeInvis .   w - +0 war axe (flame)
rCold    + + .     Gourm    .   i - +2 shield
rNeg     . . .     Faith    .   F - +0 gold dragon scales
rPois    +         Spirit   .   (helmet restricted)
rElec    .         Reflect  .   (no cloak)
rCorr    .         Harm     .   (no gloves)
MR       .....                  (no boots)
Stlth    ..........             (no amulet)
HPRegen  0.20/turn              G - ring of attention (curse)
MPRegen  0.11/turn              l - +3 ring of dexterity

@: no status effects
A: claws 2, horns 2, cold resistance 1, rot immunity
a: Renounce Religion


You were on level 6 of the Dungeon.
You worshipped Makhleb.
Makhleb was noncommittal.
You were hungry.

You visited 2 branches of the dungeon, and saw 7 of its levels.

You collected 328 gold pieces.

Inventory:

Hand Weapons
 a - a +0 war axe
 o - a +2 quarterstaff of chaos
 q - a +2 mace of protection
 s - a +0 rapier
 w - a +0 war axe of flaming (weapon)
 A - a +0 halberd
Missiles
 d - 3 throwing nets (quivered)
Armour
 b - a +2 helmet
 i - a +2 shield (worn)
 k - a +0 plate armour
 p - a +2 cloak
 F - +0 gold dragon scales (worn)
Jewellery
 g - a +2 ring of dexterity
 l - a +3 ring of dexterity (right claw)
 C - an uncursed ring of teleportation
 G - a cursed ring of attention (left claw)
 H - an uncursed ring of stealth
Wands
 x - a wand of polymorph (21)
 E - a wand of flame (10)
Scrolls
 h - 5 scrolls of amnesia
 r - a scroll of noise {unknown}
 u - 3 scrolls of identify {unknown}
 v - 2 scrolls of immolation {unknown}
 y - a scroll of blinking {unknown}
 z - a scroll of torment {unknown}
 B - a scroll of teleportation
 D - a scroll of fog {unknown}
Potions
 e - a potion of degeneration {unknown}
 j - a potion of cancellation {unknown}
 m - 2 potions of agility {unknown}
 n - a potion of heal wounds {unknown}
 t - a potion of ambrosia {unknown}
Comestibles
 f - 10 rations


   Skills:
 + Level 3.8 Fighting
 + Level 6.9 Axes
 + Level 1.8 Throwing
 + Level 3.0 Armour
 + Level 3.6 Dodging
 + Level 0.1 Stealth
 + Level 3.9 Shields


You had 7 spell levels left.
You didn't know any spells.
Your spell library was empty.

Dungeon Overview and Level Annotations

Branches:
Dungeon (6/15)             Temple (1/1) D:5

Altars:
Cheibriados
Dithmenos
Elyvilon
Fedhas
Gozag
Hepliaklqana
Kikubaaqudgha
Makhleb
Nemelex Xobeh
Okawaru
Qazlal
Sif Muna
Trog
Uskayaw
Vehumet
Wu Jian
Xom
Yredelemnul

Shops:
D:5 }


Innate Abilities, Weirdness & Mutations

You have very sharp fingernails.
You have a pair of horns on your head.
Your flesh is cold resistant. (rC+)
You are immune to rotting.


Message History

The orc priest shouts!
Found an escape hatch in the floor.
Found a green potion.
Found a leather armour.
Found a broad axe.
Found a fizzy green potion.
Found a stone staircase leading up.
You see here a broad axe.
You feel a little less clever now.
You see here a fizzy green potion.
Found 17 gold pieces.
You see here 17 gold pieces.
You now have 328 gold pieces (gained 17).
The orc priest mumbles some strange prayers to Beogh against you.
Beogh smites you!
* * * LOW HITPOINT WARNING * * *
You are feeling hungry.
The orc priest mumbles some strange prayers to Beogh against you.
Beogh smites you!
You die...

#.# #.# #.# #o#
#.# #.# #.#
##############.#
.......@o....o.#
##############.#
###


You could see an orc priest and an orc.

Vanquished Creatures
  Eustachio (D:4)
  2 black bears (D:6)
  An ogre (D:5)
  A phantom (D:6)
  A necrophage (D:5)
  A centaur (D:6)
  A howler monkey (D:6)
  2 orc priests (D:5)
  Crazy Yiuf (D:2)
  2 bullfrog skeletons
  An iguana (D:6)
  5 orc wizards
  2 worker ants (D:4)
  A hound skeleton (D:4)
  3 gnolls (D:3)
  8 adders
  An ooze (D:4)
  2 worms
  A dart slug (D:5)
  23 orcs
  A ball python (D:5)
  9 bats
  4 giant cockroaches
  8 goblins
  4 hobgoblins
  3 jackals (D:2)
  3 quokkas
  3 frilled lizards
  A giant cockroach zombie (D:6)
  6 kobolds
  A leopard gecko skeleton (D:4)
  7 rats
110 creatures vanquished.

Notes
Turn   | Place    | Note
-------+----------+-------------------------------------------
     0 | D:1      | DiaVolo the Demonspawn Gladiator began the quest for the
                  | Orb.
     0 | D:1      | Reached XP level 1. HP: 16/16 MP: 1/1
   249 | D:1      | Gained mutation: You have a pair of small horns on your
                  | head. [demonic ancestry]
   249 | D:1      | Reached XP level 2. HP: 20/22 MP: 2/2
   535 | D:2      | Reached skill level 3 in Axes
   673 | D:2      | Gained mutation: You have sharp fingernails. [demonic
                  | ancestry]
   673 | D:2      | Reached XP level 3. HP: 27/27 MP: 3/3
   846 | D:2      | Found a blossoming altar of Fedhas.
  1110 | D:2      | Found a runed translucent door.
  1112 | D:2      | Noticed Crazy Yiuf
  1116 | D:2      | Paralysed by Crazy Yiuf for 3 turns
  1122 | D:2      | Killed Crazy Yiuf
  1122 | D:2      | Reached skill level 1 in Shields
  1122 | D:2      | Gained mutation: Your flesh is cold resistant. (rC+)
                  | [demonic ancestry]
  1122 | D:2      | Reached XP level 4. HP: 12/34 MP: 4/4
  1428 | D:3      | Reached skill level 4 in Axes
  1758 | D:3      | Gained mutation: You have very sharp fingernails. [demonic
                  | ancestry]
  1758 | D:3      | Reached XP level 5. HP: 38/39 MP: 5/5
  2414 | D:4      | Noticed Eustachio
  2484 | D:4      | Killed Eustachio
  2484 | D:4      | Reached skill level 5 in Axes
  2484 | D:4      | Reached skill level 1 in Armour
  2484 | D:4      | Gained mutation: You have a pair of horns on your head.
                  | [demonic ancestry]
  2484 | D:4      | Reached XP level 6. HP: 20/46 MP: 6/6
  2679 | D:4      | Identified the +1 robe of Unambiguity {rC+ Regen+}
  3184 | D:5      | Entered Level 5 of the Dungeon
  3271 | D:5      | Gained mutation: You are immune to rotting. [demonic
                  | ancestry]
  3271 | D:5      | Reached XP level 7. HP: 52/52 MP: 7/7
  3660 | D:5      | Reached skill level 6 in Axes
  3811 | D:5      | Found Lopeffo's Gadget Shoppe.
  4056 | D:5      | Found a staircase to the Ecumenical Temple.
  4065 | Temple   | Entered the Ecumenical Temple
  4131 | Temple   | Became a worshipper of Makhleb the Destroyer
  4683 | D:6      | Reached XP level 8. HP: 43/59 MP: 8/8
  5129 | D:6      | HP: 2/60 [orc priest/divine providence (12)]
  5140 | D:6      | Killed from afar by an orc priest

Skill      XL: |  1  2  3  4  5  6  7  8 |
---------------+-------------------------+-----
Dodging        | 3 |  3.6
Axes           | 3 4 5 6 |  6.9
Shields        | 1 2 3 |  3.9
Armour         | 1 2 3 |  3.0
Fighting       | 3 |  3.8
Throwing       | |  1.8
Stealth        | |  0.1

Action                   |  1- 3 |  4- 6 |  7- 9 || total
-------------------------+-------+-------+-------++-------
Melee: War axe           |   111 |   169 |   118 ||   398
       Headbutt          |    12 |    35 |    25 ||    72
  Use: Scroll            |       |     5 |     2 ||     7
       Potion            |       |     1 |     1 ||     2
  Eat: Ration            |     1 |     2 |     1 ||     4
Armor: Leather armour    |    37 |       |       ||    37
       Plate armour      |    23 |   109 |    22 ||   154
       Gold dragon scale |       |       |    40 ||    40
Dodge: Dodged            |    60 |    26 |    12 ||    98
Block: Shield            |    31 |   104 |    77 ||   212
